 Dungeon Crawl Stone Soup version 0.30-a0-42-g806c11bf1d (webtiles) character file.

Game seed: 7114572155834889577

4904 SensoryNuts the Cleaver (level 10, 0/79 HPs)
             Began as a Demonspawn Fighter on Aug 30, 2022.
             Slain by a rust devil (1 damage)
             ... on level 2 of the Abyss.
             The game lasted 00:15:53 (10400 turns).

SensoryNuts the Cleaver (Demonspawn Fighter)       Turns: 10400, Time: 00:15:54

Health: 0/79       AC:  8    Str: 20    XL:     10   Next: 27%
Magic:  10/10      EV: 10    Int: 11    God:
Gold:   298        SH:  5    Dex: 12    Spells: 9/9 levels left

rFire   . . .      SeeInvis .    a - +2 war axe
rCold   . . .      Faith    .    c - +0 buckler
rNeg    . . .      Spirit   .    d - +0 plate armour
rPois   .          Reflect  .    (no helmet)
rElec   .          Harm     .    b - +1 cloak of Starlight {*Dazzle EV+4 Stlth--}
rCorr   .          Rampage  .    y - +2 pair of gloves
Will    .....                    (no boots)
Stlth   ..........               (no amulet)
HPRegen 0.23/turn                (no ring)
MPRegen 0.12/turn                (no ring)

@: mighty, brilliant, corroded, hasted, very quick
A: rugged brown scales 3, ignite blood 1, spiny 2
a: no special abilities


You were on level 2 of the Abyss.
You visited 2 branches of the dungeon, and saw 10 of its levels.
You visited the Abyss 1 time.
You also visited: Sewer.

You collected 861 gold pieces.
You spent 563 gold pieces at shops.

Inventory:

Hand Weapons
 a - a +2 war axe (weapon)
 j - the +11 hand axe "Mups" {holy, *Rage rC+ Will+ Stlth+}
   (You bought it in a shop on level 2 of the Dungeon)

   It has been blessed by the Shining One to cause great damage to the undead
   and demons.
   rC:        It protects you from cold.
   *Rage:     It berserks you when you make melee attacks (+20% chance).
   Will:      It increases your willpower.
   Stlth:     It makes you more stealthy.
Armour
 b - the +1 cloak of Starlight (worn) {*Dazzle EV+4 Stlth--}
   (You bought it in a shop on level 2 of the Dungeon)

   It may blind those who miss an attack against the wearer in melee combat.
   EV:        It affects your evasion (+4).
   Stlth:     It makes you much less stealthy.
 c - a +0 buckler (worn)
 d - a +0 plate armour (worn)
 y - a +2 pair of gloves (worn)
Jewellery
 o - a ring of protection from cold
 p - a ring of fire
Wands
 B - a wand of polymorph (11)
Scrolls
 h - 3 scrolls of fear
 k - 2 scrolls of fog
 C - a scroll of poison
 D - a scroll of magic mapping
Potions
 e - 4 potions of curing
 f - 3 potions of lignification
 l - 5 potions of brilliance
 n - 2 potions of haste
 q - 2 potions of resistance {unknown}
 r - 2 potions of experience {unknown}
 s - a potion of might
 t - a potion of invisibility {unknown}
 u - 5 potions of mutation {unknown}
 v - a potion of attraction {unknown}
 w - a potion of magic {unknown}
 A - a potion of degeneration {unknown}


   Skills:
 + Level 5.2 Fighting
 * Level 11.9 Axes
 + Level 5.2 Armour
 + Level 1.1 Dodging
 + Level 1.8 Stealth
 + Level 4.4 Shields


You had 9 spell levels left.
You didn't know any spells.
Your spell library contained the following spells:

 Spells                   Type           Power      Damage    Failure   Level
 Shock                    Conj/Air       0%         1d3       100%        1
 Poisonous Vapours        Pois/Air       0%         N/A       100%        2
 Swiftness                Air            0%         N/A       100%        3
 Airstrike                Air            0%         2d(0-16)  100%        4
 Corpse Rot               Necr/Pois/Air  0%         N/A       100%        4


Dungeon Overview and Level Annotations

Branches:
Dungeon (9/15)             Temple (1/1) D:7           Sewer (visited)
   Lair: D:8-11         Orc: D:9-12

Altars:
Ashenzari
Cheibriados
Dithmenos
Fedhas
Gozag
Kikubaaqudgha
Makhleb
Nemelex Xobeh
Okawaru
Qazlal
Ru
Sif Muna
Trog
Vehumet
Wu Jian
Xom
Yredelemnul

Shops:
D:2 (*(*(   D:8 (

Annotations:
D:9 Erolcha


Innate Abilities, Weirdness & Mutations

You are completely covered in rugged brown scales. (AC +3, +7% HP)
Your demonic aura sometimes causes spilled blood to erupt in flames.
You are mostly covered in sharp spines.


Message History

A ynoxinul comes into view.
The ynoxinul gestures.
The ynoxinul gestures.
Blink to where?
Press: ? - help, Dir - move target
As you read the scroll of blinking, it crumbles to dust.
As you read the scroll of fear, it crumbles to dust.
You assume a fearsome visage.
The ynoxinul looks frightened!
The ufetubus looks frightened! x3
A large abomination comes into view.
You feel as though your hastened speed will last longer.
The ufetubus is struck by your spines.
You kill the ufetubus!
The ufetubus disappears in a puff of smoke!
A rust devil comes into view.
The rust devil screeches!
You feel your health improve.
You feel very mighty all of a sudden. The rust devil hits you.
* * * LOW HITPOINT WARNING * * *
The rust devil corrodes you!
You barely miss the rust devil. You barely miss the rust devil.
The rust devil is struck by your spines.
The rust devil hits you. The rust devil corrodes you!
You hit the rust devil but do no damage.
The rust devil is lightly wounded.
The rust devil hits you.
* * * LOW HITPOINT WARNING * * *
The rust devil corrodes you!
You feel clever all of a sudden.
You slash the rust devil!
The rust devil is moderately wounded.
The rust devil is struck by your spines.
The rust devil barely misses you.
You barely miss the rust devil.
The rust devil is moderately wounded.
The rust devil is struck by your spines.
The rust devil hits you.
You die...

.. #.#.. #
#.# # ..#
#..
§.#.... #
.
.#.##....
# .
#.#..###
.#.. .##
...##
...#.# .
....# .#
.# .
#...#§.#
.###. #
.....
###.#.###.
.# #..
##.# .
.#@#..4.
#.## .
.###4# ..
## . .#.
..#... #
.. ##.##..
§# # ..#..
#..#... .
.####
##..# #. #
.#. #.. #


You could see a rust devil.

Vanquished Creatures
  A troll (D:9)
  A shadow (Abyss:2)
  4 steam dragons
  Menkaure (D:4)
  An acid dragon (D:8)
  A water moccasin (D:8)
  2 orc warriors (D:8)
  2 ice beasts
  4 centaurs
  2 phantoms
  7 kobold brigands
  A small abomination (Abyss:2)
  3 scorpions
  A wight (D:8)
  4 killer bees (D:8)
  2 howler monkeys
  A quasit (Abyss:2)
  2 hounds
  2 jellies (D:6)
  2 gnoll boudas
  6 orc priests
  9 orc wizards
  3 iguanas
  10 adders
  4 gnolls (D:7)
  2 river rats
  A white imp (D:6)
  3 ufetubi
  8 worms
  3 dart slugs
  51 orcs
  13 endoplasms
  7 giant cockroaches
  4 goblins
  3 hobgoblins
  A quokka (D:1)
  12 ball pythons
  10 bats
  20 kobolds
  9 rats
223 creatures vanquished.

Vanquished Creatures (collateral kills)
  A blizzard demon (Abyss:2)
  A starcursed mass (Abyss:2)
2 creatures vanquished.

Vanquished Creatures (others)
  A jelly (D:6)
  A demonic plant (Abyss:2)
  A lurking horror (Abyss:2)
  4 starspawn tentacles (Abyss:2)
7 creatures vanquished.

Grand Total: 232 creatures vanquished

Notes
Turn   | Place    | Note
-------+----------+-------------------------------------------
     0 | D:1      | SensoryNuts the Demonspawn Fighter began the quest for the
                  | Orb.
     0 | D:1      | Reached XP level 1. HP: 18/18 MP: 1/1
   340 | D:1      | Reached skill level 2 in Axes
   340 | D:1      | Gained mutation: You are partially covered in sharp spines.
                  | [demonic ancestry]
   340 | D:1      | Reached XP level 2. HP: 18/24 MP: 2/2
   941 | D:1      | Found a faded altar of an unknown god.
  1146 | D:2      | Found Mak Cibb's Antique Weapon Shop.
  1167 | D:2      | Gained mutation: You are partially covered in rugged brown
                  | scales. (AC +1, +3% HP) [demonic ancestry]
  1167 | D:2      | Reached XP level 3. HP: 14/29 MP: 3/3
  1233 | D:2      | Found Sehot's Weapon Shoppe.
  1817 | D:2      | Found Tudiag's Antique Weapon Shoppe.
  1864 | D:2      | Noticed a scorpion
  1873 | D:2      | Killed a scorpion
  1874 | D:2      | Reached skill level 3 in Axes
  1874 | D:2      | Gained mutation: Your demonic aura sometimes causes spilled
                  | blood to erupt in flames. [demonic ancestry]
  1874 | D:2      | Reached XP level 4. HP: 11/36 MP: 4/4
  2175 | D:2      | Found Emagrimaint's General Store.
  2208 | D:2      | Found Rozoc's General Store.
  2705 | D:2      | Bought a warped hand axe for 136 gold pieces
  2705 | D:2      | Identified the +11 hand axe "Mups" {holy, *Rage rC+ Will+
                  | Stlth+} (You bought it in a shop on level 2 of the Dungeon)
  2980 | D:3      | Reached XP level 5. HP: 42/42 MP: 5/5
  3273 | D:3      | Reached skill level 4 in Axes
  3767 | D:3      | Identified a scroll of acquirement
  3767 | D:3      | Acquired 388 gold pieces
  4093 | D:4      | Noticed Menkaure
  4102 | D:4      | Killed Menkaure
  4103 | D:4      | Reached skill level 5 in Axes
  4103 | D:4      | Gained mutation: You are mostly covered in rugged brown
                  | scales. (AC +2, +5% HP) [demonic ancestry]
  4103 | D:4      | Reached XP level 6. HP: 13/49 MP: 6/6
  4914 | D:2      | Bought the +1 cloak of Starlight {*Dazzle EV+4 Stlth--} for
                  | 427 gold pieces
  4914 | D:2      | Found the +1 cloak of Starlight {*Dazzle EV+4 Stlth--}
  5007 | D:5      | Entered Level 5 of the Dungeon
  5168 | D:5      | Found a glowing drain.
  5184 | Sewer    | Entered a sewer
  5201 | Sewer    | Reached XP level 7. HP: 38/55 MP: 7/7
  5422 | Sewer    | Reached skill level 6 in Axes
  5426 | Sewer    | Reached skill level 1 in Stealth
  5872 | D:5      | Found the +8 trident of the Octopus King {venom, rElec
                  | rPois}
  6249 | D:5      | Reached skill level 7 in Axes
  6249 | D:5      | Reached XP level 8. HP: 63/63 MP: 8/8
  6898 | D:6      | Reached skill level 8 in Axes
  7131 | D:7      | Found an ornate altar of the Wu Jian Council.
  7131 | D:7      | Found a radiant altar of Vehumet.
  7164 | D:7      | Found an opulent altar of Gozag.
  7170 | D:7      | Reached skill level 1 in Dodging
  7176 | D:7      | Found a stormy altar of Qazlal.
  7179 | D:7      | Found a snail-covered altar of Cheibriados.
  7315 | D:7      | Found a staircase to the Ecumenical Temple.
  7324 | D:7      | Reached skill level 9 in Axes
  7456 | Temple   | Entered the Ecumenical Temple
  7723 | D:7      | Gained mutation: You are completely covered in rugged brown
                  | scales. (AC +3, +7% HP) [demonic ancestry]
  7723 | D:7      | Reached XP level 9. HP: 40/70 MP: 9/9
  8720 | D:8      | Reached skill level 10 in Axes
  9169 | D:8      | Reached skill level 5 in Fighting
  9354 | D:8      | Reached skill level 11 in Axes
  9444 | D:8      | Found Koptoqic's Weapon Emporium.
  9473 | D:8      | Identified the +7 short sword of the Sky {elec, Dex+9}
  9760 | D:9      | Noticed a troll
  9764 | D:9      | Killed a troll
  9765 | D:9      | Reached skill level 5 in Armour
  9925 | D:9      | Gained mutation: You are mostly covered in sharp spines.
                  | [demonic ancestry]
  9925 | D:9      | Reached XP level 10. HP: 76/79 MP: 10/10
  9938 | D:9      | Found a basalt altar of Yredelemnul.
  9945 | D:9      | Noticed Erolcha
  9960 | Abyss:2  | Cast into level 2 of the Abyss (Erolcha)
 10002 | Abyss:2  | Noticed a starcursed mass
 10029 | Abyss:2  | Noticed a blizzard demon
 10035 | Abyss:2  | Noticed a tentacled starspawn
 10041 | Abyss:2  | Killed a blizzard demon
 10042 | Abyss:2  | Killed a starcursed mass
 10073 | Abyss:2  | Found a corrupted altar of Lugonu.
 10105 | Abyss:2  | Noticed a reaper
 10115 | Abyss:2  | Noticed a yellow draconian
 10301 | Abyss:2  | Noticed a lich
 10316 | Abyss:2  | Noticed a thrashing horror
 10317 | Abyss:2  | Noticed a thrashing horror
 10319 | Abyss:2  | Noticed a tentacled starspawn
 10385 | Abyss:2  | Noticed a rust devil
 10397 | Abyss:2  | HP: 1/79 [rust devil (6)]
 10400 | Abyss:2  | Slain by a rust devil

Illustrated notes

Levels and vault maps discovered:
D:1:      scummos_arrival_star, layout_basic,
          shapermc_ecumenical_altar_mp_vishouse, due_unseen_surprise
D:2:      minmay_alternating_diamond, layout_basic, serial_shops, shop,
          nicolae_shop_hallway_plus, nicolae_shop_bloodbath_and_beyond,
          nicolae_shop_stone, nicolae_shop_hallway_stairs
D:3:      layout_basic
D:4:      layout_loops_cross, uniq_menkaure
D:5:      nicolae_cairo_tiling_large_dashed, layout_basic,
          gup_sewer_entry_bubbles
D:6:      layout_rooms
D:7:      layout_loops_cross, nicolae_overflow_hallway_of_the_gods,
          minmay_temple_entry_junction
D:8:      layout_basic, serial_shops, shop_statue, grunt_tough_drop
D:9:      layout_loops_cross, minitemple, amcnicky_mini_pool_small, uniq_erolcha
Temple:   minmay_temple_bridge_abc
Abyss:2:  base: D:6, evilmike_abyss_exit_9, evilmike_abyss_exit_11,
          spicy_abyss_helpful_harpoons

Skill      XL: |  1  2  3  4  5  6  7  8  9 |
---------------+----------------------------+-----
Axes           | 2 3 5 7 9 11 | 11.9
Armour         | 3 4 5 |  5.2
Shields        | 3 4 |  4.4
Stealth        | 1 |  1.8
Fighting       | 4 5 |  5.2
Dodging        | 1 |  1.1

Action                   |  1- 3 |  4- 6 |  7- 9 | 10-12 || total
-------------------------+-------+-------+-------+-------++-------
Melee: War axe           |    68 |   131 |   302 |    24 ||   525
  Use: Scroll            |     5 |     5 |     6 |    11 ||    27
       Potion            |     1 |     1 |     1 |     6 ||     9
 Stab: Invisible         |       |     1 |     4 |       ||     5
Armor: Scale mail        |    23 |     5 |       |       ||    28
       Plate armour      |       |    70 |   170 |    22 ||   262
Dodge: Dodged            |    31 |    31 |   129 |    12 ||   203
Block: Buckler           |    17 |    37 |    82 |     8 ||   144

Table legend: (Time is in decaauts)
 A = Elapsed time spent in this place.
 B = Non-inter-level travel time spent in this place.
 C = Inter-level travel time spent in this place.
 D = Time resting spent in this place.
 E = Time spent auto-exploring this place.
 F = Levels seen in this place.
 G = Mean time per level.
                   A        B        C        D        E       F      G
               +--------+--------+--------+--------+--------+-----+--------+
         Total |  10593 |   9939 |    654 |    166 |   7844 |  12 |  882.8 |
       Dungeon |   9276 |   8643 |    633 |      0 |   7158 |   9 | 1030.7 |
        Temple |    213 |    192 |     21 |      0 |    167 |   1 |  213.0 |
         Abyss |    413 |    413 |      0 |    166 |      0 |   1 |  413.0 |
         Sewer |    689 |    689 |      0 |      0 |    519 |   1 |  689.0 |
               +--------+--------+--------+--------+--------+-----+--------+

Top non-repeatable levels by time:
     D:2: 1796 daAuts
     D:8: 1470 daAuts
     D:1: 1162 daAuts
     D:3: 1127 daAuts
     D:7: 1039 daAuts
     D:4: 984 daAuts
     D:5: 877 daAuts
   Sewer: 689 daAuts
     D:6: 617 daAuts
 Abyss:2: 413 daAuts
  Temple: 213 daAuts
     D:9: 199 daAuts
